 Dungeon Crawl Stone Soup version 0.26.1-11-gd32895ea62 (webtiles) character file.

Game seed: 1189516887245906344

476 KamiKatze the Skirmisher (level 7, -1/44 HPs)
             Began as a Kobold Fighter on July 6, 2021.
             Was a Follower of Okawaru.
             Slain by a scorpion (7 damage)
             ... in the Ecumenical Temple.
             The game lasted 00:15:03 (5601 turns).

KamiKatze the Skirmisher (Kobold Fighter)           Turns: 5601, Time: 00:15:03

Health: -1/44      AC:  5    Str: 15    XL:     7   Next: 32%
Magic:  7/7        EV: 12    Int:  9    God:    Okawaru [*.....]
Gold:   201        SH:  9    Dex: 15    Spells: 6/6 levels left

rFire    . . .     SeeInvis +   a - +0 war axe
rCold    . . .     Faith    .   c - +0 kite shield
rNeg     . . .     Spirit   .   i - +0 ring mail
rPois    .         Reflect  .   (no helmet)
rElec    .         Harm     .   (no cloak)
rCorr    .         Rampage  .   (no gloves)
Will     .....                  (no boots)
Stlth    ++........             (no amulet)
HPRegen  0.14/turn              s - ring of see invisible
MPRegen  0.10/turn              (no ring)

@: lethally poisoned (-1 -> -6)
A: small, nightstalker 3
a: Renounce Religion, Heroism


You were in the Ecumenical Temple.
You worshipped Okawaru.
Okawaru was aware of your devotion.
You visited 2 branches of the dungeon, and saw 5 of its levels.

You collected 201 gold pieces.

Inventory:

Hand Weapons
 a - a +0 war axe (weapon)
 m - a +1 whip of electrocution
Missiles
 h - 163 stones (quivered)
Armour
 b - a +0 scale mail
 c - a +0 kite shield (worn)
 i - a +0 ring mail (worn)
 u - a +0 chain mail
Jewellery
 s - a ring of see invisible (left hand)
Scrolls
 d - a scroll of enchant weapon {unknown}
 e - 2 scrolls of remove curse
 f - a scroll of noise {unknown}
 j - 4 scrolls of fear
 l - a scroll of blinking {unknown}
 o - a scroll of amnesia {unknown}
 p - a scroll of teleportation {unknown}
Potions
 k - a potion of curing
 n - a potion of haste
 q - a potion of heal wounds
 r - a potion of might
 t - a potion of brilliance


   Skills:
 + Level 4.4 Fighting
 * Level 3.5 Axes
 + Level 3.2 Armour
 + Level 2.8 Dodging
 * Level 4.0 Shields
 + Level 0.1 Invocations


You had 6 spell levels left.
You didn't know any spells.
Your spell library contained the following spells:

 Spells                   Type           Power        Failure   Level
 Sandblast                Erth           0%           98%         1
 Passwall                 Tmut/Erth      0%           99%         2
 Stone Arrow              Conj/Erth      0%           100%        3
 Petrify                  Tmut/Erth      0%           100%        4
 Lee's Rapid Deconstruct  Erth           0%           100%        5


Dungeon Overview and Level Annotations

Branches:
Dungeon (4/15)             Temple (1/1) D:4

Altars:
Ashenzari
Cheibriados
Dithmenos
Elyvilon
Fedhas
Gozag
Hepliaklqana
Kikubaaqudgha
Makhleb
Nemelex Xobeh
Okawaru
Qazlal
Sif Muna
Trog
Uskayaw
Vehumet
Wu Jian
Xom
Yredelemnul
Zin
The Shining One

Annotations:
D:4 Edmund


Innate Abilities, Weirdness & Mutations

You are small and have problems with some larger weapons.
You are completely attuned to the shadows.


Message History

* * * LOW HITPOINT WARNING * * *
You are poisoned.
The scorpion poisons you!
You closely miss the scorpion.
You feel sick. The scorpion stings you.
* * * LOW HITPOINT WARNING * * *
Unknown command.
You hit the scorpion.
The scorpion is lightly wounded.
You feel sick.
The scorpion stings you but does no damage.
You block the scorpion's attack.
Unknown command.
You barely miss the scorpion.
The scorpion is lightly wounded.
You feel sick. You block the scorpion's attack.
Unknown command.
You slash the scorpion!
The scorpion is almost dead.
You block the scorpion's attack. The scorpion stings you!
You die...

.................._..
.......##_##..........
.....#########........
....## ##....... ...##
##...._. ...# #.......
..## ##....... ..##
##........ .._#
#@s._.._... ..##
##......... ..##
##......... ...#
#.......... ...##
##...._..... ....##
##........... .....####
###...........⌠
.......##_##.............≈
.................._......≈


You could see a scorpion.

Vanquished Creatures
  An ogre (D:4)
  A centaur zombie (D:4)
  A hound (D:4)
  A centaur skeleton (D:4)
  2 orc priests (D:4)
  A worker ant (D:4)
  A hound skeleton (D:4)
  6 gnolls
  6 adders
  An ooze (D:2)
  An adder skeleton (D:4)
  2 worms
  4 leopard geckos
  18 orcs
  A ball python (D:2)
  8 bats
  A giant cockroach (D:3)
  3 goblins
  A hobgoblin (D:2)
  A quokka (D:2)
  3 frilled lizards
  A jackal zombie (D:2)
  5 kobolds
  5 rats
75 creatures vanquished.

Notes
Turn   | Place    | Note
-------+----------+-------------------------------------------
     0 | D:1      | KamiKatze the Kobold Fighter began the quest for the Orb.
     0 | D:1      | Reached XP level 1. HP: 14/14 MP: 1/1
   453 | D:1      | Reached XP level 2. HP: 16/19 MP: 2/2
  1073 | D:2      | Reached XP level 3. HP: 11/23 MP: 3/3
  1360 | D:2      | Reached skill level 1 in Dodging
  1403 | D:2      | Reached XP level 4. HP: 17/28 MP: 4/4
  2727 | D:1      | Reached XP level 5. HP: 8/33 MP: 5/5
  3512 | D:2      | HP: 1/33 [poisoned by an adder]
  4560 | D:4      | Found a staircase to the Ecumenical Temple.
  4566 | Temple   | Entered the Ecumenical Temple
  4708 | Temple   | Became a worshipper of Warmaster Okawaru
  4729 | D:4      | Reached XP level 6. HP: 25/38 MP: 6/6
  5077 | D:4      | Noticed an ogre
  5251 | D:4      | Reached XP level 7. HP: 31/44 MP: 7/7
  5345 | D:4      | Found a stormy altar of Qazlal.
  5414 | D:4      | Reached * piety under Okawaru
  5571 | D:4      | Noticed Edmund
  5601 | Temple   | Slain by a scorpion

Illustrated notes

Levels and vault maps discovered:
D:1:      ncdulo_wetmaze, layout_basic, minmay_tripent
D:2:      layout_loops_ring
D:3:      layout_loops_ring
D:4:      layout_cave_pools, minmay_temple_entry_waves, lemuel_tele_altar,
          uniq_edmund
Temple:   nicolae_temple_the_god_donut

Skill      XL: |  1  2  3  4  5  6  7 |
---------------+----------------------+-----
Axes           | 2 3 |  3.5
Dodging        | 1 2 |  2.8
Shields        | 3 4 |  4.0
Fighting       | 4 |  4.4
Armour         | 3 |  3.2
Invocations    | |  0.1

Action                   |  1- 3 |  4- 6 |  7- 9 || total
-------------------------+-------+-------+-------++-------
Melee: War axe           |    57 |   173 |    19 ||   249
       Whip              |    24 |    18 |       ||    42
  Use: Potion            |       |     6 |       ||     6
       Scroll            |       |     3 |     1 ||     4
 Stab: Sleeping          |       |     4 |       ||     4
Armor: Scale mail        |    28 |    39 |       ||    67
       Ring mail         |       |    31 |     2 ||    33
Dodge: Dodged            |    26 |    83 |    12 ||   121
Block: Kite shield       |    40 |   111 |    12 ||   163
